 Dungeon Crawl Stone Soup version 0.23.2-1-ga50397a6bc (webtiles) character file.

Game seed: 13348654363388046461

9782 Mrkan the Blocker (level 11, -20/64 HPs)
             Began as a Gargoyle Fighter on May 18, 2019.
             Was a High Priest of Dithmenos.
             Shot with a bolt by an orc knight (26 damage)
             ... on level 10 of the Dungeon.
             The game lasted 00:19:24 (9324 turns).

Mrkan the Blocker (Gargoyle Fighter)                Turns: 9324, Time: 00:19:24

Health: -20/64     AC: 23    Str: 23    XL:     11   Next: 51%
Magic:  17/17      EV:  9    Int:  9    God:    Dithmenos [*****.]
Gold:   566        SH: 12    Dex:  9    Spells: 10/10 levels left

rFire    . . .     SeeInvis .   G - +2 flail (holy)
rCold    . . .     Gourm    .   c - +0 shield
rNeg     + . .     Faith    +   b - +0 scale mail
rPois    ∞         Spirit   .   r - +2 helmet
rElec    +         Reflect  .   (no cloak)
rCorr    .         Harm     .   (no gloves)
MR       .....                  h - +0 pair of boots
Stlth    ..........             z - amulet of faith
HPRegen  0.20/turn              A - +2 ring of protection
MPRegen  0.15/turn              (no ring)

@: wreathed by umbra
A: yellow scales 1, mutation resistance 1, negative energy resistance 1,
electricity resistance, unbreathing, petrification resistance, rot immunity, AC
+8
a: Shadow Step, Shadow Form, Renounce Religion


You were on level 10 of the Dungeon.
You worshipped Dithmenos.
Dithmenos was extremely pleased with you.
You were not hungry.

You visited 1 branch of the dungeon, and saw 10 of its levels.

You collected 566 gold pieces.

Inventory:

Hand Weapons
 C - a +0 flail of protection
 G - a +2 flail of holy wrath (weapon)
 K - a +1 flail of crushing
Armour
 b - a +0 scale mail (worn)
 c - a +0 shield (worn)
 h - a +0 pair of boots (worn)
 r - a +2 helmet (worn)
Jewellery
 w - a cursed ring of teleportation
 z - an amulet of faith (around neck)
 A - a +2 ring of protection (left hand)
 J - a +3 ring of evasion
 L - an uncursed ring of fire
Wands
 y - a wand of iceblast (10)
 E - a wand of flame (16)
 F - a wand of enslavement (9)
 H - a wand of random effects (18)
 O - a wand of digging (8)
Scrolls
 j - 5 scrolls of magic mapping
 k - a scroll of immolation {unknown}
 m - a scroll of enchant weapon {unknown}
 o - 3 scrolls of blinking
 s - 4 scrolls of fear
 t - 3 scrolls of remove curse {unknown}
 u - 7 scrolls of teleportation
 v - 2 scrolls of noise {unknown}
 B - a scroll of amnesia {unknown}
 D - a scroll of brand weapon {unknown}
 I - a scroll of fog {unknown}
 M - a scroll of random uselessness {unknown}
 N - a scroll of enchant armour {unknown}
 P - a scroll of identify
Potions
 a - 2 potions of invisibility {unknown}
 d - 4 potions of might
 e - a potion of agility
 g - 2 potions of mutation
 i - 2 potions of ambrosia
 l - 4 potions of heal wounds
 n - 8 potions of curing
 p - 2 potions of magic
 q - 4 potions of flight
 x - a potion of lignification {unknown}
Comestibles
 f - 21 rations


   Skills:
 + Level 5.2 Fighting
 * Level 11.2 Maces & Flails
 - Level 3.2 Armour
 * Level 12.3 Shields
 + Level 8.0 Invocations


You had 10 spell levels left.
You didn't know any spells.
Your spell library contained the following spells:

 Spells                   Type           Power        Failure   Level  Hunger
 Magic Dart               Conj           #...         82%         1    ##.....
 Blink                    Tloc           N/A          91%         2    ###....
 Call Imp                 Summ           #.......     91%         2    ###....
 Slow                     Hex            #.......     91%         2    ###....
 Conjure Flame            Conj/Fire      #.......     99%         3    ####...
 Mephitic Cloud           Conj/Pois/Air  #.......     99%         3    ####...


Dungeon Overview and Level Annotations

Branches:
Dungeon (10/15)            Temple (0/1) D:4
   Lair: D:8-11         Orc: D:9-12

Altars:
Ashenzari
Cheibriados
Dithmenos
Kikubaaqudgha
Makhleb
Nemelex Xobeh
Qazlal
Ru
Uskayaw
Vehumet
Zin

Shops:
D:8 }

Annotations:
D:7 2 runed translucent doors, Erymatos's ghost, novice MiBe


Innate Abilities, Weirdness & Mutations

You are resistant to torment.
Your stone body is resilient. (AC +8)
You are immune to poison.
You resist negative energy. (rN+)
You are resistant to electric shocks. (rElec)
You can survive without breathing.
You are immune to petrification.
You are immune to rotting.
You are partially covered in yellow scales. (AC +2)
You are somewhat resistant to further mutation.


Message History

Your shadow hits the orc knight with a flail.
The orc knight hits you with a +0 great mace!
You closely miss the orc knight.
The orc knight is moderately wounded.
The orc knight hits you with a +0 great mace!
* * * LOW HITPOINT WARNING * * *
You barely miss the orc knight.
The orc knight is moderately wounded.
The orc knight unwields a +0 great mace.
The orc knight wields a +0 arbalest.
The orc knight shoots a bolt.
The bolt hits you.
* * * LOW HITPOINT WARNING * * *
There is an open door here.
You see here a bolt.
The orc knight shoots a bolt.
The bolt barely misses you.
The orc knight shoots a bolt.
The bolt hits you!
* * * LOW HITPOINT WARNING * * *
You see here a bolt.
The orc knight shoots a bolt.
The bolt hits you!!
You die...

#.#####.### ####### #.# ##)# #.##
#.....# #.# )))# #..##
#.o)..####.######
#########..######(###'##.........
..g....##..#...#...# ###.#####.
.......##..'...#...# #.# #.
.†.........#...#...# ##.# #.
........##.#...#(..# ##..# ##
........##.'...#@..# #..## #
.8......##.#...(...# #..# #
........##.######### #..# #
........#### #..# # ........#
#..####### ........# #.........
........# ######## #.########
##### #.##.#.# #.# # #.##...# #.#
#


You could see an orc knight.

Vanquished Creatures
  Harold (D:8)
  A two-headed ogre (D:10)
  Psyche (D:8)
  3 hippogriffs
  16 yaks
  2 wraiths (D:8)
  A wyvern (D:8)
  A hungry ghost (D:8)
  Edmund (D:6)
  4 orc warriors
  A sky beast (D:5)
  A black bear (D:6)
  3 ice beasts
  A necrophage (D:8)
  9 ogres
  4 centaurs
  Blork the orc (D:6)
  2 big kobolds
  4 bullfrogs
  3 scorpions
  A wight (D:8)
  4 howler monkeys
  4 crimson imps
  A bullfrog zombie (D:5)
  11 hounds
  5 jellies
  7 orc priests
  A bullfrog skeleton (D:7)
  2 centaur skeletons
  7 human zombies (D:8)
  4 iguanas
  5 orc wizards
  A human skeleton (D:8)
  4 worker ants
  A killer bee zombie (D:6)
  A hound skeleton (D:4)
  A hound zombie (D:8)
  A howler monkey zombie (D:7)
  Robin (D:2)
  3 gnolls (D:7)
  12 adders
  6 oozes
  An adder skeleton (D:6)
  A worm (D:2)
  3 dart slugs
  8 leopard geckos
  51 orcs
  4 bats
  6 giant cockroaches
  16 goblins
  16 hobgoblins
  16 jackals
  3 quokkas
  2 ball pythons
  3 frilled lizards
  A jackal skeleton (D:7)
  17 kobolds
  A quokka skeleton (D:8)
  7 rats
299 creatures vanquished.

Notes
Turn   | Place    | Note
-------+----------+-------------------------------------------
     0 | D:1      | Mrkan the Gargoyle Fighter began the quest for the Orb.
     0 | D:1      | Reached XP level 1. HP: 14/14 MP: 1/1
   326 | D:1      | Reached XP level 2. HP: 19/19 MP: 2/2
   956 | D:2      | Found a faded altar of an unknown god.
   964 | D:2      | Reached skill level 4 in Shields
   964 | D:2      | Reached XP level 3. HP: 14/23 MP: 3/3
   992 | D:2      | Noticed Robin
  1010 | D:2      | Reached XP level 4. HP: 12/28 MP: 4/4
  1043 | D:2      | Killed Robin
  1739 | D:3      | Reached XP level 5. HP: 32/32 MP: 5/5
  1811 | D:3      | Reached skill level 5 in Shields
  1929 | D:3      | Found a shadowy altar of Dithmenos.
  1937 | D:3      | Became a worshipper of Dithmenos the Shadowed
  2387 | D:3      | Found a snail-covered altar of Cheibriados.
  2788 | D:4      | Noticed an ogre
  2794 | D:4      | Killed an ogre
  2794 | D:4      | Reached skill level 1 in Invocations
  2794 | D:4      | Reached XP level 6. HP: 11/37 MP: 6/6
  2911 | D:4      | Found a sparkling altar of Nemelex Xobeh.
  2961 | D:4      | Found a staircase to the Ecumenical Temple.
  3181 | D:4      | Gained mutation: You are partially covered in yellow
                  | scales. (AC +2) [potion of mutation]
  3181 | D:4      | Gained mutation: You are somewhat resistant to further
                  | mutation. [potion of mutation]
  3210 | D:4      | Reached skill level 5 in Maces & Flails
  3210 | D:4      | Reached skill level 6 in Shields
  3210 | D:4      | Reached XP level 7. HP: 33/41 MP: 8/8
  3428 | D:5      | Entered Level 5 of the Dungeon
  3700 | D:5      | Reached * piety under Dithmenos
  3702 | D:5      | Found a sacrificial altar of Ru.
  3946 | D:6      | Noticed Blork the orc
  3954 | D:6      | Killed Blork the orc
  3970 | D:6      | Noticed Edmund
  4001 | D:6      | Killed Edmund
  4001 | D:6      | Reached skill level 7 in Shields
  4001 | D:6      | Reached XP level 8. HP: 35/46 MP: 10/10
  4277 | D:6      | Reached skill level 8 in Shields
  4299 | D:6      | Found a shattered altar of Ashenzari.
  4413 | D:6      | Found a stormy altar of Qazlal.
  4479 | D:6      | Found a shadowy altar of Dithmenos.
  4489 | D:6      | Reached XP level 9. HP: 45/51 MP: 12/12
  4738 | D:6      | Reached skill level 9 in Shields
  4831 | D:6      | Reached skill level 5 in Invocations
  4879 | D:6      | Reached ** piety under Dithmenos
  5289 | D:7      | Found a hide-covered altar of Uskayaw.
  5420 | D:7      | Found a large runed translucent door.
  5420 | D:7      | Found a large runed translucent door.
  5422 | D:7      | Noticed Erymatos's ghost (novice MiBe)
  5535 | D:7      | Found a glowing silver altar of Zin.
  5535 | D:7      | Found a burning altar of Makhleb.
  5536 | D:7      | Found a radiant altar of Vehumet.
  5669 | D:8      | Paralysed by fainting for 12 turns
  5747 | D:8      | Reached skill level 10 in Shields
  5927 | D:8      | Noticed Harold
  5972 | D:8      | Killed Harold
  5972 | D:8      | Reached XP level 10. HP: 36/56 MP: 14/14
  6088 | D:8      | Found an ancient bone altar of Kikubaaqudgha.
  6099 | D:8      | Reached *** piety under Dithmenos
  6285 | D:8      | Found Biethros's Gadget Shoppe.
  6320 | D:8      | Noticed Psyche
  6345 | D:8      | Killed Psyche
  6345 | D:8      | Reached skill level 11 in Shields
  6349 | D:8      | Reached skill level 10 in Maces & Flails
  7517 | D:9      | Reached **** piety under Dithmenos
  7670 | D:9      | Reached XP level 11. HP: 43/61 MP: 16/16
  8285 | D:10     | Entered Level 10 of the Dungeon
  8364 | D:10     | Reached ***** piety under Dithmenos
  8470 | D:10     | Noticed a two-headed ogre
  8490 | D:10     | Killed a two-headed ogre
  8490 | D:10     | Reached skill level 12 in Shields
  9017 | D:10     | Reached skill level 5 in Fighting
  9300 | D:10     | Noticed an orc knight
  9324 | D:10     | Shot with a bolt by an orc knight

Skill      XL: |  1  2  3  4  5  6  7  8  9 10 11 |
---------------+----------------------------------+-----
Maces & Flails | 3 4 5 6 7 9 10 11 | 11.2
Shields        | 4 5 6 7 8 10 11 12 | 12.3
Invocations    | 1 2 3 4 6 7 8 |  8.0
Fighting       | 4 5 |  5.2
Armour         | |  3.2

Action                   |  1- 3 |  4- 6 |  7- 9 | 10-12 || total
-------------------------+-------+-------+-------+-------++-------
Melee: Flail             |    90 |   264 |   648 |   632 ||  1634
  Use: Potion            |       |     2 |       |     1 ||     3
       Scroll            |       |       |       |    15 ||    15
  Eat: Chunk             |       |     8 |    12 |     4 ||    24
       Ration            |       |       |     3 |     2 ||     5
Armor: Scale mail        |    47 |   151 |   316 |   217 ||   731
Dodge: Dodged            |    35 |   110 |   201 |   185 ||   531
Block: Shield            |    49 |   188 |   333 |   332 ||   902
